 Dungeon Crawl Stone Soup version 0.31-a0-167-g1c394c0614 (webtiles) character file.

Game seed: 13702037157281846650

523 qw the Chopper (level 7, -1/43 HPs)
             Began as a Gargoyle Fighter on June 14, 2023.
             Slain by a black bear (4 damage)
             ... on level 4 of the Dungeon.
             The game lasted 00:01:39 (2843 turns).

qw the Chopper (Gargoyle Fighter)                   Turns: 2843, Time: 00:01:40

Health: -1/43      AC: 16    Str: 22    XL:     7   Next: 22%
Magic:  22/22      EV:  8    Int:  8    God:
Gold:   71         SH:  4    Dex:  9    Spells: 6/6 levels left

rFire   . . .        Y - +2 war axe
rCold   . . .        c - +0 buckler
rNeg    + . .        g - +0 chain mail
rPois   inf          (no helmet)
rElec   +            (no cloak)
rCorr   .            a - +0 pair of gloves
SInv    .            j - +0 pair of boots
Will    .....        b
                       - Hermit's Pendant {Faith Invo=14 Evo=0 MP+5} Stlth
                     (no ring)
HPRegen 0.27/turn    (no ring)
MPRegen 0.18/turn

%: faith
@: about to teleport
A: sickness immunity, AC +4, negative energy resistance 1, electricity
resistance, torment resistance 1, petrification resistance
a: no special abilities


You were on level 4 of the Dungeon.
You visited 1 branch of the dungeon, and saw 6 of its levels.

You collected 149 gold pieces.
You spent 78 gold pieces at shops.


Innate Abilities, Weirdness & Mutations

You are immune to sickness and miasma.
Your stone body is resilient. (AC +4)
You are immune to poison.
You resist negative energy. (rN+)
You are resistant to electric shocks. (rElec)
You are resistant to unholy torment.
You are immune to petrification.


   Skills:
 - Level 4.0 Fighting
 + Level 6.4 Axes
 - Level 3.2 Armour
 - Level 1.3 Dodging
 - Level 3.2 Shields


You had 6 spell levels left.
You didn't know any spells.
Your spell library was empty.

Inventory:

Hand Weapons
 f - a +0 whip
 Y - a +2 war axe (weapon)
Armour
 a - a +0 pair of gloves (worn)
 c - a +0 buckler (worn)
 g - a +0 chain mail (worn)
 j - a +0 pair of boots (worn)
Jewellery
 b - the Hermit's Pendant (around neck) {Faith Invo=14 Evo=0 MP+5}
   (You found it on level 3 of the Dungeon)

   [amulet of faith]

   Invo=14: It sets your Invocations skill to 14.
   Evo=0: It sets your Evocations skill to 0.
   It allows you to gain divine favour quickly.
   MP:        It affects your magic capacity (+5).
Potions
 d - a potion of might
 i - 3 potions of curing

Dungeon Overview and Level Annotations

Branches:
Dungeon (6/15)
 Temple: D:4-7

Altars:
Uskayaw

Shops:
D:2 =   D:3 !


Message History

The scorpion is moderately wounded.
The scorpion stings you.
A steam dragon comes into view.
The scorpion stings you but does no damage.
The steam dragon hisses angrily.
You hit the scorpion.
The scorpion is heavily wounded.
The scorpion stings you. The steam dragon breathes steam at you.
The ball of steam hits the kobold!
The kobold dies!
The ball of steam hits you!!
Ouch! That really hurt!
You hear a shout!
You slash the scorpion!
You kill the scorpion!
You are engulfed in a cloud of scalding steam.
2836 ||| Stepping ~*~*~tactically~*~*~ (cloud).
You start resting.
A black bear comes into view.
The black bear growls angrily.
You closely miss the steam dragon. You block the steam dragon's attack.
The steam dragon barely misses you.
You hit the steam dragon.
The steam dragon is lightly wounded.
You block the steam dragon's attack. x2; The steam dragon barely misses you.
The steam dragon claws you.
You barely miss the steam dragon.
The steam dragon is lightly wounded.
You slash the black bear! The steam dragon bites you.
The steam dragon barely misses you. The black bear closely misses you.
The black bear claws you.
The black bear claws you but does no damage.
2843 ||| READING scroll of teleportation.
As you read the scroll of teleportation, it crumbles to dust.
You feel strangely unstable. The black bear bites you.
The black bear claws you but does no damage.
The black bear claws you.
You die...

..#.....##.....#..........#
............####...)....%>#
)...........####..........#
..##......................#
..###.....#................
..)......................###
...........#..#...........
..#........##.............
..###.#>....#...@........
.## #...........Dh......
######..................
........................
##......................
##.##...................
#...#...................
........................
#...#...........


You could see a steam dragon and a black bear.

Vanquished Creatures
  A water moccasin (D:3)
  2 scorpions
  2 wights
  An orc priest (D:3)
  An iguana (D:4)
  6 adders
  5 dart slugs
  6 orcs (D:3)
  8 ball pythons
  4 bats
  8 endoplasms
  4 giant cockroaches
  8 goblins
  5 hobgoblins
  9 kobolds
  2 quokkas
  2 frilled lizards
  5 rats
79 creatures vanquished.

Vanquished Creatures (others)
  A kobold (D:4)
1 creature vanquished.

Grand Total: 80 creatures vanquished

Notes
Turn   | Place    | Note
-------+----------+-------------------------------------------
     0 | D:1      | qw the Gargoyle Fighter began the quest for the Orb.
     0 | D:1      | Reached XP level 1. HP: 14/14 MP: 1/1
     0 | D:1      | 0 ||| qw: Version: 0.2-a-29-g1fa15c8
     0 | D:1      | 0 ||| qw: Game counter: 4990
     0 | D:1      | 0 ||| qw: Always use a shield: true
     0 | D:1      | 0 ||| qw: God list: Okawaru
     0 | D:1      | 0 ||| qw: Allow faded altars: false
     0 | D:1      | 0 ||| qw: Do Orc after D:15 true
     0 | D:1      | 0 ||| qw: Do second Lair branch before Depths: true
     0 | D:1      | 0 ||| qw: Lair rune preference: random
     0 | D:1      | 0 ||| qw: Plans: Normal, Zot:1-4, Slime:5, God:TSO, Crypt,
                  | Tomb, Abyss, Pan, Hells, Win
     0 | D:1      | 0 ||| PLANNING D:1-11
    39 | D:1      | Reached skill level 2 in Axes
    67 | D:1      | Reached XP level 2. HP: 19/19 MP: 2/2
   110 | D:1      | 110 ||| Stepping ~*~*~tactically~*~*~ (hiding).
   111 | D:1      | 111 ||| Stepping ~*~*~tactically~*~*~ (hiding).
   173 | D:1      | Reached skill level 3 in Axes
   174 | D:1      | Reached XP level 3. HP: 23/23 MP: 3/3
   200 | D:1      | 200 ||| Stepping ~*~*~tactically~*~*~ (hiding).
   227 | D:1      | 227 ||| Stepping ~*~*~tactically~*~*~ (stealth).
   382 | D:1      | 382 ||| Stepping ~*~*~tactically~*~*~ (stealth).
   527 | D:1      | 527 ||| UPGRADING to +0 pair of boots.
   532 | D:1      | 532 ||| READING scroll labelled NAXEIP FIXILA.
   533 | D:1      | 533 ||| READING scroll labelled ADIBBE YSCHEUWA.
   534 | D:1      | 534 ||| DRINKING 3 murky coppery potions.
   535 | D:1      | 535 ||| DRINKING 2 bubbling green potions.
   536 | D:1      | 536 ||| DROPPING potion of enlightenment.
   704 | D:2      | Found a hide-covered altar of Uskayaw.
   727 | D:2      | Found Miudee's Jewellery Boutique.
   735 | D:2      | 735 ||| SHOPLISTING +4 ring of slaying (780 gold, have 33).
   735 | D:2      | 735 ||| SHOPLISTING +6 ring of dexterity (360 gold, have
                  | 33).
   735 | D:2      | 735 ||| SHOPLISTING amulet of reflection (300 gold, have
                  | 33).
   735 | D:2      | 735 ||| SHOPLISTING amulet of the acrobat (300 gold, have
                  | 33).
   735 | D:2      | 735 ||| SHOPLISTING ring of ice (250 gold, have 33).
   735 | D:2      | 735 ||| SHOPLISTING ring of willpower (250 gold, have 33).
   842 | D:2      | Reached XP level 4. HP: 23/28 MP: 4/4
   875 | D:2      | Reached skill level 4 in Axes
   989 | D:2      | 989 ||| Stepping ~*~*~tactically~*~*~ (hiding).
   990 | D:2      | 990 ||| Stepping ~*~*~tactically~*~*~ (hiding).
  1350 | D:2      | 1350 ||| UPGRADING to +0 chain mail.
  1360 | D:2      | 1360 ||| DROPPING +0 scale mail.
  1361 | D:2      | 1361 ||| READING scroll labelled SAUXKUA MIRCHUH.
  1542 | D:3      | 1542 ||| Stepping ~*~*~tactically~*~*~ (hiding).
  1651 | D:3      | 1651 ||| Stepping ~*~*~tactically~*~*~ (hiding).
  1658 | D:3      | Noticed a water moccasin
  1661 | D:3      | Reached XP level 5. HP: 21/32 MP: 5/5
  1669 | D:3      | HP: 7/32 [water moccasin (3)]
  1670 | D:3      | 1670 ||| DRINKING 2 potions of heal wounds.
  1685 | D:3      | Killed a water moccasin
  1686 | D:3      | Reached skill level 5 in Axes
  1686 | D:3      | Reached XP level 6. HP: 23/37 MP: 6/6
  1801 | D:3      | Found Tazxe's Distillery.
  1810 | D:3      | 1810 ||| SHOPLISTING 2 potions of mutation (208 gold, have
                  | 112).
  1810 | D:3      | 1810 ||| BUYING potion of curing (39 gold).
  1810 | D:3      | Bought a potion of curing for 39 gold pieces
  1810 | D:3      | 1810 ||| BUYING potion of curing (39 gold).
  1810 | D:3      | Bought a potion of curing for 39 gold pieces
  1810 | D:3      | 1810 ||| SHOPLISTING potion of curing (39 gold, have 34).
  1810 | D:3      | 1810 ||| SHOPLISTING potion of mutation (104 gold, have
                  | 34).
  1837 | D:3      | You fall into a shaft and drop 3 floors!
  1844 | D:6      | 1844 ||| READING scroll labelled ESAATAIWKYM.
  1848 | D:6      | 1848 ||| Stepping ~*~*~tactically~*~*~ (hiding).
  1859 | D:6      | HP: 4/37 [wight/+1 halberd (9)]
  1860 | D:6      | 1860 ||| DRINKING potion of heal wounds.
  1922 | D:6      | 1922 ||| READING 2 scrolls labelled EXUN MIESAAN.
  1923 | D:6      | 1923 ||| READING scroll of enchant weapon.
  1923 | D:6      | 1923 ||| ENCHANTING +1 war axe.
  1935 | D:5      | Entered Level 5 of the Dungeon
  1968 | D:5      | Reached skill level 6 in Axes
  1994 | D:5      | 1994 ||| READING scroll labelled YMPUTZ POXZESMOWOA.
  1995 | D:5      | 1995 ||| READING scroll labelled CEKO VOLIDUOTU.
  2001 | D:5      | Noticed an ice beast
  2003 | D:5      | 2003 ||| STAIRDANCE
  2046 | D:3      | Found a faded altar of an unknown god.
  2046 | D:3      | Found the Hermit's Pendant {Faith Invo=14 Evo=0 MP+5}
  2065 | D:3      | Reached skill level 1 in Dodging
  2258 | D:3      | Found a faded altar of an unknown god.
  2454 | D:3      | Reached XP level 7. HP: 43/43 MP: 7/7
  2543 | D:3      | 2543 ||| UPGRADING to +0 pair of gloves.
  2548 | D:3      | 2548 ||| UPGRADING to Hermit's Pendant {Faith Invo=14 Evo=0
                  | MP+5}.
  2637 | D:3      | 2637 ||| READING scroll labelled TUWONA VUBLOYRCH.
  2638 | D:3      | 2638 ||| READING scroll labelled YBORCH JENKIS.
  2639 | D:3      | 2639 ||| READING scroll labelled WOAPOESMYCS.
  2781 | D:4      | 2781 ||| Stepping ~*~*~tactically~*~*~ (stealth).
  2782 | D:4      | 2782 ||| Stepping ~*~*~tactically~*~*~ (stealth).
  2833 | D:4      | Noticed a steam dragon
  2836 | D:4      | 2836 ||| Stepping ~*~*~tactically~*~*~ (cloud).
  2842 | D:4      | HP: 9/43 [black bear (2)]
  2843 | D:4      | 2843 ||| READING scroll of teleportation.
  2843 | D:4      | HP: 3/43 [black bear (6)]
  2843 | D:4      | Slain by a black bear

Levels and vault maps discovered:
D:1:      minmay_arrival_hallway, layout_rooms, minmay_misc_feat_roman,
          chequers_serial_rivers_micro_c
D:2:      layout_loops_ring, basic_altar, serial_shops, shop,
          hangedman_abyss_or_decor_lesser_grid, ebering_dispersal_statue_hall,
          nicolae_the_louvre
D:3:      layout_basic, hellmonk_ecumenical_altar_crossroads, serial_shops,
          nicolae_diamond_shop, hellmonk_guarded_unrand_hermit
D:4:      layout_rooms, lemuel_zombie_altar_kikubaaqudgha,
          minmay_temple_entry_wispy
D:5:      layout_cave_pools, serial_column_ruins, column_ruins_grid_4,
          column_ruins_open_tiny, column_ruins_columns_straight,
          column_ruins_grid_2, column_ruins_open_small, column_ruins_grid_3
D:6:      layout_basic, gammafunk_ghost_abyssal_escape,
          nicolae_shop_i_like_small_books_too, st_stairs_3, minivault_23

Skill      XL: |  1  2  3  4  5  6 |
---------------+-------------------+-----
Axes           | 2 3 4 5 6 |  6.4
Fighting       | 4 |  4.0
Dodging        | 1 |  1.3
Armour         | |  3.2
Shields        | |  3.2

Action                     |  1- 3 |  4- 6 |  7- 9 || total
---------------------------+-------+-------+-------++-------
  Melee: War axe           |   116 |   127 |    28 ||   271
  Throw: Boomerang         |       |    14 |       ||    14
    Use: Scroll            |     2 |     6 |     4 ||    12
         Potion            |     2 |     2 |       ||     4
 Armour: Scale mail        |    70 |    11 |       ||    81
         Chain mail        |       |    68 |    10 ||    78
  Dodge: Dodged            |    59 |    55 |     9 ||   123
  Block: Buckler           |    22 |    25 |     7 ||    54

Table legend:
 A = Non-vault XP
 B = Vault XP
 C = Vault XP percentage of total XP
 D = Non-vault monster count
 E = Vault monster count
 F = Vault count percentage of total count
                 A         B        C        D         E       F
            +---------+---------+-------+---------+---------+-------
      Total |     517 |     231 |  30.9 |      76 |       3 |   3.8
            +---------+---------+-------+---------+---------+-------
        D:1 |      54 |       0 |   0.0 |      28 |       0 |   0.0
        D:2 |      68 |       0 |   0.0 |      13 |       0 |   0.0
        D:3 |     248 |      78 |  23.9 |      23 |       1 |   4.2
        D:4 |     134 |       0 |   0.0 |      11 |       0 |   0.0
        D:5 |      13 |       0 |   0.0 |       1 |       0 |   0.0
        D:6 |       0 |     153 | 100.0 |       0 |       2 | 100.0
            +---------+---------+-------+---------+---------+-------
